 Dungeon Crawl Stone Soup version 0.31.0-2-g5a2aebc5c2 (webtiles) character file.

Game seed: 14157430770127214072

1612 tilp the Slasher (level 8, -12/64 HPs)
             Began as a Gnoll Wanderer on Jan 20, 2024.
             Was an Initiate of Gozag.
             Killed from afar by a gargoyle (19 damage)
             ... with a stone arrow
             ... on level 7 of the Dungeon.
             The game lasted 00:08:52 (6659 turns).

tilp the Slasher (Gnoll Wanderer)                   Turns: 6659, Time: 00:08:54

Health: -12/64     AC: 14    Str: 13    XL:     8   Next: 95%
Magic:  15/15      EV: 12    Int: 18    God:    Gozag
Gold:   576        SH:  4    Dex: 11    Spells: 14/16 levels left

rFire   . . .        a - +4 falchion
rCold   . . .        j - +0 buckler
rNeg    . . .        t - +2 leather armour of Calculation {Int+5}
rPois   .            d - +2 helmet
rElec   .            h - +0 cloak
rCorr   .            G - +2 pair of gloves
SInv    .            f - +0 pair of boots
Will    .....        (no amulet)
Stlth   ++           (no ring)
HPRegen 0.30/turn    (no ring)
MPRegen 0.14/turn

%: no passive effects
@: no status effects
A: fangs 1, strong nose, distributed training
a: Renounce Religion, Potion Petition, Call Merchant, Bribe Branch


You were on level 7 of the Dungeon.
You worshipped Gozag.
Gozag was pleased with you.
You visited 2 branches of the dungeon, and saw 8 of its levels.

You collected 631 gold pieces.
You paid 55 gold pieces to Gozag.

Inventory:

Hand Weapons
 a - a +4 falchion (weapon)
 v - a +0 trident
Missiles
 l - 12 boomerangs (quivered)
 q - 21 poisoned darts
Armour
 d - a +2 helmet (worn)
 e - a +0 ring mail
 f - a +0 pair of boots (worn)
 h - a +0 cloak (worn)
 i - a +0 scale mail
 j - a +0 buckler (worn)
 p - an orb of light
 t - the +2 leather armour of Calculation (worn) {Int+5}
   (You found it on level 2 of the Dungeon)

   Int+5:     It affects your intelligence (+5).
 w - a +0 plate armour
 D - a +3 leather armour of cold resistance
 G - a +2 pair of gloves (worn)
Jewellery
 s - a ring of poison resistance
 x - an amulet of faith
 z - a +5 ring of evasion
Talismans
 y - a flux talisman
Wands
 B - a wand of roots (10)
Scrolls
 A - a scroll of vulnerability
 E - 3 scrolls of teleportation
 F - a scroll of blinking
 I - a scroll of revelation
 J - a scroll of identify
Potions
 b - 2 potions of might
 c - a potion of cancellation
 g - 3 potions of enlightenment
 k - 3 potions of berserk rage
 m - 2 potions of brilliance
 n - 2 potions of curing
 o - 2 potions of ambrosia
 r - 2 potions of lignification
 u - 3 potions of invisibility
 C - a potion of heal wounds
 H - 2 potions of mutation
 K - a potion of resistance {unknown}


   Skills:
 + Level 6.0 Fighting
 + Level 3.8 Short Blades
 + Level 7.7 Long Blades
 + Level 3.8 Axes
 + Level 3.8 Maces & Flails
 + Level 3.8 Polearms
 + Level 3.8 Staves
 + Level 3.8 Ranged Weapons
 + Level 3.8 Throwing
 + Level 3.8 Armour
 + Level 4.7 Dodging
 + Level 3.8 Stealth
 + Level 3.8 Shields
 + Level 3.8 Unarmed Combat
 + Level 4.8 Spellcasting
 + Level 3.1 Conjurations
 + Level 3.1 Hexes
 + Level 5.0 Summonings
 + Level 3.1 Necromancy
 + Level 3.1 Translocations
 + Level 3.1 Fire Magic
 + Level 3.1 Ice Magic
 + Level 3.1 Air Magic
 + Level 3.1 Earth Magic
 + Level 3.1 Alchemy
 + Level 4.2 Invocations
 + Level 4.7 Evocations
 + Level 3.5 Shapeshifting


You had 14 spell levels left.
You knew the following spells:

 Your Spells              Type           Power      Damage    Failure   Level
a - Summon Small Mammal   Summ           88%        N/A       2%          1
b - Sting                 Conj/Alch      60%        1d6       6%          1

Your spell library contained the following spells:

 Spells                   Type           Power      Damage    Failure   Level
 Mercury Vapours          Alch/Air       30%        N/A       10%         2
 Summon Ice Beast         Ice/Summ       19%        N/A       13%         3
 Gell's Gravitas          Tloc           15%        N/A       19%         3
 Teleport Other           Tloc           15%        N/A       19%         3
 Olgreb's Toxic Radiance  Alch           15%        N/A       52%         4
 Iskenderun's Battlesphe  Conj           15%        2d7       86%         5
 Bombard                  Conj/Erth      7%         9d2       100%        6
 Dispersal                Tloc           7%         N/A       100%        6
 Spellforged Servitor     Conj/Summ      9%         N/A       100%        7


Dungeon Overview and Level Annotations

Branches:
Dungeon (7/15)             Temple (1/1) D:4

Altars:
Cheibriados
Dithmenos
Elyvilon
Fedhas
Gozag
Hepliaklqana
Kikubaaqudgha
Nemelex Xobeh
Okawaru
Qazlal
Trog
Wu Jian
Xom
Yredelemnul
Zin
The Shining One

Annotations:
D:3 1 runed translucent door, Crazy Yiuf


Innate Abilities, Weirdness & Mutations

You have very sharp teeth.
Your uncanny sense of smell can sniff out nearby items.
Your experience applies equally to all skills.


Message History

A gargoyle is nearby!
A gargoyle is nearby!
A gargoyle is nearby!
There is an open door here.
The helpless gargoyle fails to defend itself.
You hit the gargoyle.
You bite the gargoyle, but do no damage.
The gargoyle is lightly damaged.
The gargoyle hits you with a +0 flail!
You hit the gargoyle.
The gargoyle is moderately damaged.
The gargoyle hits you with a +0 flail!!
You barely miss the gargoyle.
The gargoyle is moderately damaged.
The gargoyle hits you with a +0 flail.
You hit the gargoyle but do no damage. Your bite misses the gargoyle.
The gargoyle is moderately damaged.
You hit the gargoyle.
The gargoyle is moderately damaged.
The gargoyle hurls a stone arrow at you.
The stone arrow hits you!!
* * * LOW HITPOINT WARNING * * *
You slash the gargoyle!
You bite the gargoyle, but do no damage.
The gargoyle is severely damaged.
The gargoyle closely misses you.
Okay, then.
You hit the gargoyle but do no damage.
You bite the gargoyle, but do no damage.
The gargoyle is severely damaged.
The gargoyle hurls a stone arrow at you.
The stone arrow hits you!
* * * LOW HITPOINT WARNING * * *
You hit the gargoyle but do no damage.
You bite the gargoyle, but do no damage.
The gargoyle is severely damaged.
The gargoyle hurls a stone arrow at you.
The stone arrow hits you!!
You die...
Your body crumbles into a pile of gold.

**,*,* ##.###8*##∆###.#......
*,*,* #..#8##+.+##∆#....##(#
*,*,* #.###+.....+###...##[#
*,#,* #.#8#.......#8#...##.#
*∆#.#####.##+.......+##.......
*.#.......##....8....##..#....
*.........#*+.......+*#....###
*#######..#8#.......#8#..#.#
*#.#.###@.....+#*#..#.***
*#.##..#9##...##∆#..,#,,,,
#.#*##.###8...8#*#.,******
##,*##...##...##...**
**,#............#**
*#.#.......##### ###.#######
#.# #.#


You could see a gargoyle.

Vanquished Creatures
  Eustachio (D:6)
  A water moccasin (D:5)
  A black bear (D:7)
  An ogre (D:4)
  2 kobold brigands
  A phantom (D:6)
  A scorpion (D:6)
  2 bullfrogs (D:6)
  3 bombardier beetles
  2 sleepcaps (D:6)
  3 hounds
  Jessica (D:2)
  2 orc wizards (D:4)
  2 iguanas (D:6)
  Robin (D:2)
  7 adders
  4 gnolls (D:4)
  A shadow imp (D:6)
  A ribbon worm (D:2)
  2 dart slugs
  14 orcs
  A ball python (D:2)
  6 endoplasms
  4 giant cockroaches
  14 goblins
  7 hobgoblins
  2 jackals (D:2)
  13 kobolds
  7 quokkas
  9 bats
  A frilled lizard (D:1)
  4 rats
121 creatures vanquished.

Vanquished Creatures (collateral kills)
  2 ogres (D:5)
  A ribbon worm (D:5)
3 creatures vanquished.

Grand Total: 124 creatures vanquished

Notes
Turn   | Place    | Note
-------+----------+-------------------------------------------
     0 | D:1      | tilp the Gnoll Wanderer began the quest for the Orb.
     0 | D:1      | tilp set off with the following items: a +3 falchion, a
                  | potion of might, a +0 robe; and the following spell
                  | memorised: Summon Small Mammal; and the following spells
                  | available to memorise: Summon Ice Beast.
     0 | D:1      | Reached XP level 1. HP: 20/20 MP: 4/4
   148 | D:1      | Found a faded altar of an unknown god.
   194 | D:1      | Reached XP level 2. HP: 26/26 MP: 5/5
   651 | D:2      | Noticed Robin
   665 | D:2      | Reached XP level 3. HP: 31/31 MP: 7/7
   693 | D:2      | Reached skill level 1 in Invocations
   712 | D:2      | Killed Robin
   713 | D:2      | Reached skill level 1 in Short Blades
   713 | D:2      | Reached skill level 1 in Axes
   713 | D:2      | Reached skill level 1 in Maces & Flails
   713 | D:2      | Reached skill level 1 in Polearms
   713 | D:2      | Reached skill level 1 in Staves
   713 | D:2      | Reached skill level 1 in Ranged Weapons
   713 | D:2      | Reached skill level 1 in Throwing
   713 | D:2      | Reached skill level 1 in Armour
   713 | D:2      | Reached skill level 1 in Stealth
   713 | D:2      | Reached skill level 1 in Shields
   713 | D:2      | Reached skill level 1 in Unarmed Combat
   787 | D:2      | Reached skill level 1 in Shapeshifting
   787 | D:2      | Reached XP level 4. HP: 38/38 MP: 8/8
  1150 | D:2      | Reached skill level 1 in Conjurations
  1150 | D:2      | Reached skill level 1 in Hexes
  1150 | D:2      | Reached skill level 1 in Necromancy
  1150 | D:2      | Reached skill level 1 in Translocations
  1150 | D:2      | Reached skill level 1 in Fire Magic
  1150 | D:2      | Reached skill level 1 in Ice Magic
  1150 | D:2      | Reached skill level 1 in Air Magic
  1150 | D:2      | Reached skill level 1 in Earth Magic
  1150 | D:2      | Reached skill level 1 in Alchemy
  1232 | D:2      | Noticed Jessica
  1236 | D:2      | Killed Jessica
  1237 | D:2      | Reached XP level 5. HP: 43/43 MP: 9/9
  1364 | D:2      | Identified the +2 leather armour of Calculation {Int+5}
  2155 | D:3      | Reached XP level 6. HP: 50/50 MP: 11/11
  2329 | D:3      | Found a runed translucent door.
  2330 | D:3      | Noticed Crazy Yiuf
  2801 | D:4      | Reached skill level 5 in Fighting
  3250 | D:4      | Found a staircase to the Ecumenical Temple.
  3307 | Temple   | Entered the Ecumenical Temple
  3436 | Temple   | Became a worshipper of Gozag Ym Sagoz the Greedy
  4182 | D:4      | Learned a level 1 spell: Sting
  4199 | D:5      | Entered Level 5 of the Dungeon
  4204 | D:5      | Noticed a water moccasin
  4212 | D:5      | Killed a water moccasin
  4213 | D:5      | Reached skill level 7 in Long Blades
  4213 | D:5      | Reached XP level 7. HP: 41/56 MP: 10/12
  4652 | D:5      | HP: 1/56 [ogre/+0 giant club (2)]
  4956 | D:5      | Reached XP level 8. HP: 60/63 MP: 14/14
  5164 | D:6      | Noticed Eustachio
  5187 | D:6      | Killed Eustachio
  6333 | D:6      | Reached skill level 5 in Summonings
  6650 | D:7      | Noticed a gargoyle
  6659 | D:7      | Killed from afar by a gargoyle

Illustrated notes

Levels and vault maps discovered:
D:1:      mrwooster_arrival_statue, layout_loops_cross,
          hellmonk_ecumenical_altar_arch_garden
D:2:      minmay_chambers_of_twos, layout_basic, uniq_jessica, uniq_robin
D:3:      layout_basic, supply_closet_lemuel, uniq_crazy_yiuf_cottage
D:4:      layout_basic, minmay_temple_entry_hall
D:5:      layout_basic
D:6:      layout_gridville, minmay_misc_feat_nine_boxes, uniq_eustachio
D:7:      cheibrodos_statue_roulette, layout_loops_ring,
          nicolae_overflow_hidden_temple, minmay_fountain_box,
          skrybe_limestone_x
Temple:   nicolae_temple_x_marks_the_god

Skill      XL: |  1  2  3  4  5  6  7  8 |
---------------+-------------------------+-----
Invocations    | 1 2 3 4 |  4.2
Short Blades   | 1 2 3 |  3.8
Axes           | 1 2 3 |  3.8
Maces & Flails | 1 2 3 |  3.8
Polearms       | 1 2 3 |  3.8
Staves         | 1 2 3 |  3.8
Ranged Weapons | 1 2 3 |  3.8
Throwing       | 1 2 3 |  3.8
Armour         | 1 2 3 |  3.8
Stealth        | 1 2 3 |  3.8
Shields        | 1 2 3 |  3.8
Unarmed Combat | 1 2 3 |  3.8
Shapeshifting  | 1 2 3 |  3.5
Spellcasting   | 3 4 |  4.8
Conjurations   | 1 2 3 |  3.1
Hexes          | 1 2 3 |  3.1
Necromancy     | 1 2 3 |  3.1
Translocations | 1 2 3 |  3.1
Fire Magic     | 1 2 3 |  3.1
Ice Magic      | 1 2 3 |  3.1
Air Magic      | 1 2 3 |  3.1
Earth Magic    | 1 2 3 |  3.1
Alchemy        | 1 2 3 |  3.1
Dodging        | 3 4 |  4.7
Evocations     | 3 4 |  4.7
Summonings     | 4 5 |  5.0
Fighting       | 5 6 |  6.0
Long Blades    | 7 |  7.7

Action                     |  1- 3 |  4- 6 |  7- 9 || total
---------------------------+-------+-------+-------++-------
  Melee: Falchion          |    76 |   200 |   192 ||   468
         Bite              |     3 |    17 |    23 ||    43
   Cast: Sting             |       |     2 |     9 ||    11
         Summon Small Mamm |       |       |     7 ||     7
    Use: Scroll            |     1 |     4 |    10 ||    15
         Potion            |       |     1 |       ||     1
   Stab: Sleeping          |       |     3 |     4 ||     7
         Distracted        |       |       |     1 ||     1
 Armour: Ring mail         |    19 |       |       ||    19
         Robe              |     1 |       |       ||     1
         Scale mail        |    34 |    43 |       ||    77
         Leather armour    |       |    65 |   164 ||   229
  Dodge: Dodged            |    45 |    78 |   159 ||   282
  Block: Buckler           |     8 |    27 |    54 ||    89
